Schmensch, lawful female human Priestess .---. ..@... ..s<.. ..... Schmensch the Adept Experience level: 6 Strength: 8 Dexterity: 9 Constitution: 15 Intelligence: 13 Wisdom: 15 Charisma: 10 Health: 0(66) Energy: 50(50) Def: 10 Gold: 0 Moves: 3070 Dungeon seed: TONQ4Q2OsOv1uZZ1 Game ID: Schmensch_1675956088 Your Inventory: Amulets k - an uncursed amulet versus poison A - an uncursed amulet of ESP K - a cursed amulet of strangulation Weapons m - a blessed +1 mace (weapon in hand) Armor e - an uncursed +0 robe (being worn) n - an uncursed +0 small shield (being worn) r - an uncursed +0 bronze plate mail (being worn) J - an uncursed +0 orcish helm (being worn) Comestibles l - 4 uncursed lichen corpses Potions F - an uncursed potion of healing I - a cursed potion of object detection Rings v - an uncursed ring of poison immunity Wands L - an uncursed wand of summoning (0:0) Tools a - an uncursed lock pick x - 3 blessed tallow candles (0:200) y - an uncursed bag of holding E - an uncursed wax candle (0:400) G - an uncursed leash Gems q - an uncursed worthless piece of white glass z - an uncursed worthless piece of violet glass N - an uncursed jade stone Y - an uncursed opal Contents of the bag of holding: 174 gold pieces 6 uncursed +0 daggers an uncursed +0 cornuthaum an uncursed scroll of enchant armor 4 potions of holy water an uncursed brass lantern (0:1401) an uncursed oil lamp (0:1028) 13 uncursed tallow candles (0:200) Spells and supernatural/magical abilities: Name Level Category Cost Memory n - detect monsters 1 divination 12pw 95% I - identify 2 divination 40pw 95% W - pray for help -- divine ? -- X - turn undead -- divine ? -- Your skills at the end: Fighting Skills wands [Basic] Weapon Skills mace [Basic] Spellcasting Skills clerical spells [Basic] Final Attributes: You were piously aligned. You last prayed just now. Amaterasu Omikami was noncommittal. You are dead. Vanquished creatures: a large mimic a small mimic a gnome king 8 gnome lords 3 gnomish wizards a kobold mummy 2 black naga hatchlings a giant ant a kitten a dwarf a rabid rat 2 coyotes a gas spore a giant rat a red mold 25 gnomes 6 garter snakes a gecko 4 jackals a fox 3 kobolds a goblin a bat 7 lichens a newt 76 creatures vanquished. Voluntary challenges: You used a wielded weapon 106 times, starting on turn 281. You read items or engraved 3 times, starting on turn 2832. You never genocided any monsters. You never polymorphed an object. You never changed form. You used no wishes. You never split a pudding. You wrote Elbereth's name 2 times, starting on turn 2832. You never violated your personal moral code. Dungeon overview: The Dungeons of Doom: levels 1 to 2 Level 1 a long staircase Level 2 a general store, some altars to Amaterasu Omikami stairs to The Gnomish Mines The Gnomish Mines: levels 3 to 7 Level 3 stairs to The Dungeons of Doom Level 4 Level 5 Level 6 many shops, a temple to Susanowo, some fountains Level 7 <- You were here History has recorded: On T:1 you entered the Dungeons of Doom to retrieve the Amulet of Yendor! On T:581 you reached level 2 of The Dungeons of Doom. On T:976 you advanced to experience level 2. On T:1485 you advanced to experience level 3. On T:1563 you reached level 1 of The Gnomish Mines. On T:1907 you reached level 2 of The Gnomish Mines. On T:1915 you advanced to experience level 4. On T:2113 you reached level 3 of The Gnomish Mines. On T:2397 you reached level 4 of The Gnomish Mines. On T:2591 you advanced to experience level 5. On T:2894 you advanced to experience level 6. On T:3046 you reached level 5 of The Gnomish Mines. Score breakdown: Gold: 174 ( 7630 points) Experience: 6 levels (12456 points) Exploration: 7 levels ( 13.73%) (10392 points) Discoveries: 10 items ( 3.32%) ( 5468 points) Valuables value: (no points given unless you survive) Artifact value: 0 ( 0 points) Variety of kills: 25 monsters ( 6.58%) ( 7694 points) Turncount: 3070 turns ( -634 points) Survival: died (score multiplied by 80%) Total score: 34404 Latest messages: You miss the giant spider. The gnome zaps an uncursed uranium wand! It must be an uncursed wand of striking. The wand hits you. The giant spider bites! The giant spider's bite was poisoned! The giant spider bites! You hit the giant spider. The giant spider bites! You begin praying to Amaterasu Omikami. You are surrounded by a shimmering light. The giant spider starts to attack you, but pulls back. The gnome zaps an uncursed wand of striking! You're unaffected. The giant spider starts to attack you, but pulls back. (3x) You feel that Amaterasu Omikami is well-pleased. [3 turns] You hear a distant zap. The wand hits the giant spider! The wand hits you! You die... Final status: Goodbye Schmensch the Priestess, killed by a gnome's wand... You died in The Gnomish Mines on dungeon level 7 with 34404 points, and 174 pieces of gold, after 3070 moves. You were level 6 with a maximum of 66 hit points when you died.